 Dungeon Crawl Stone Soup version 0.24-a0-130-ga3c21ff (webtiles) character file.

Game seed: 285794633446459102

51 Borgoz the Sneak (level 3, -10/26 HPs)
             Began as a Ghoul Enchanter on Feb 26, 2019.
             Shot with an arrow by a centaur (12 damage)
             ... on level 2 of the Dungeon.
             The game lasted 00:03:31 (2231 turns).

Borgoz the Sneak (Ghoul Enchanter)                  Turns: 2231, Time: 00:03:31

Health: -10/26     AC:  2    Str: 11    XL:     3   Next: 83%
Magic:  4/4        EV: 12    Int: 10    God:
Gold:   16         SH:  0    Dex: 10    Spells: 2/5 levels left

rFire    . . .     SeeInvis .     - Unarmed
rCold    + . .     Gourm    .   (no shield)
rNeg     + + +     Faith    .   b - +0 robe
rPois    ∞         Spirit   .   (no helmet)
rElec    .         Reflect  .   (no cloak)
rCorr    .         Harm     .   (no gloves)
MR       .....                  (no boots)
Stlth    ++........             (no amulet)
HPRegen  0.00/turn              (no ring)
MPRegen  0.09/turn              (no ring)

@: rotting
A: rotting body, claws 1, carnivore, cold resistance 1, negative energy
resistance 3, inhibited regeneration, torment resistance, unbreathing
a: no special abilities


You were on level 2 of the Dungeon.
You were not hungry.

You visited 1 branch of the dungeon, and saw 2 of its levels.

You collected 16 gold pieces.

Inventory:

Armour
 b - a +0 robe (worn)
Jewellery
 c - an uncursed amulet of rage {unknown}
Wands
 j - a wand of clouds (1)
Scrolls
 a - a scroll of blinking {unknown}
 f - 5 scrolls of identify {unknown}
 g - 2 scrolls of remove curse {unknown}
 k - a scroll of enchant armour {unknown}
Potions
 e - a potion of flight {unknown}
 h - a potion of resistance {unknown}
Comestibles
 d - 4 rations


   Skills:
   Level 0.8 Short Blades
 + Level 2.3 Dodging
 + Level 3.9 Stealth
 * Level 2.5 Unarmed Combat
 - Level 1.7 Spellcasting
 - Level 2.4 Hexes


You had 2 spell levels left.
You knew the following spells:

 Your Spells              Type           Power        Failure   Level  Hunger
a - Corona                Hex            #......      12%         1    ##.....
b - Ensorcelled Hibernat  Hex/Ice        #.....       30%         2    ###....

Your spell library contained the following spells:

 Spells                   Type           Power        Failure   Level  Hunger
 Confuse                  Hex            #.......     34%         3    ####...
 Tukima's Dance           Hex            #.......     34%         3    ####...
 Dazzling Spray           Conj/Hex       #.....       52%         3    ####...


Dungeon Overview and Level Annotations

Branches:
Dungeon (2/15)

Altars:
Qazlal


Innate Abilities, Weirdness & Mutations

Your body is rotting away.
You thrive on raw meat.
You are immune to poison.
You have sharp fingernails.
You are carnivorous and can eat meat at any time.
Your flesh is cold resistant. (rC+)
You are immune to negative energy. (rN+++)
You do not regenerate when monsters are visible.
You are immune to unholy pain and torment.
You can survive without breathing.


Message History

A bat comes into view.
The centaur shoots an arrow.
The arrow closely misses you.
The centaur shoots an arrow.
The arrow closely misses you.
You see here an arrow.
Okay, then.
The centaur shoots an arrow.
The arrow hits you!
* * * LOW HITPOINT WARNING * * *
You see here an arrow.
The bat barely misses you. The bat hits you.
* * * LOW HITPOINT WARNING * * *
The centaur shoots an arrow.
The arrow barely misses you. The bat barely misses you. The bat misses you.
The bat misses you.
You see here an arrow.
You scratch the bat but do no damage. The bat closely misses you.
The centaur shoots an arrow.
The arrow barely misses you.
The centaur shoots an arrow.
The arrow hits you!
You die...

##.........# ...........#
#...c.....$# #.. ..#.(..#
#....#.#.c.# #._(#..####
#....#.#.(....#
...(..#....(#(#########
.............#@(......#
.....#........#######.#
..............# #.#
...###........#### #.# ...
##.#........####.#####
#......###..........#
#.#..#.# #..........#
####...##.###..........#
.##.....###..............#


You could see a centaur.

Vanquished Creatures
  An adder (D:2)
  An ooze (D:1)
  4 dart slugs
  4 bats
  A giant cockroach (D:1)
  5 goblins
  4 hobgoblins
  4 frilled lizards (D:1)
  3 kobolds
  3 rats
30 creatures vanquished.

Notes
Turn   | Place    | Note
-------+----------+-------------------------------------------
     0 | D:1      | Borgoz the Ghoul Enchanter began the quest for the Orb.
     0 | D:1      | Reached XP level 1. HP: 14/14 MP: 2/2
   449 | D:1      | Reached skill level 1 in Unarmed Combat
   449 | D:1      | Reached XP level 2. HP: 11/20 MP: 1/3
   849 | D:1      | Reached XP level 3. HP: 14/26 MP: 4/4
   891 | D:1      | Learned a level 2 spell: Ensorcelled Hibernation
  1796 | D:2      | Found a stormy altar of Qazlal.
  2182 | D:2      | Found a faded altar of an unknown god.
  2219 | D:2      | Noticed a centaur
  2231 | D:2      | Shot with an arrow by a centaur

Levels and vault maps discovered:
D:1:      co_arrival_random_square_maze, layout_basic
D:2:      layout_loops_ring, chequers_ecumenical_altar_simple_redux,
          grunt_qazlal_sundering

Skill      XL: |  1  2  3 |
---------------+----------+-----
Unarmed Combat | 1 2 |  2.5
Dodging        | 2 |  2.3
Short Blades   | |  0.8
Stealth        | |  3.9
Spellcasting   | |  1.7
Hexes          | |  2.4

Action                   || total
-------------------------++-------
Melee: Unarmed           ||   126
       Punch             ||     1
 Cast: Corona            ||    10
 Stab: Sleeping          ||     1
  Eat: Chunk             ||    12
Armor: Robe              ||    26
Dodge: Dodged            ||    68

Table legend:
 A = Non-vault XP
 B = Vault XP
 C = Vault XP percentage of total XP
 D = Non-vault monster count
 E = Vault monster count
 F = Vault count percentage of total count
                 A         B        C        D         E       F
            +---------+---------+-------+---------+---------+-------
      Total |      74 |       0 |   0.0 |      30 |       0 |   0.0
            +---------+---------+-------+---------+---------+-------
        D:1 |      46 |       0 |   0.0 |      22 |       0 |   0.0
        D:2 |      28 |       0 |   0.0 |       8 |       0 |   0.0
            +---------+---------+-------+---------+---------+-------
